 Dungeon Crawl Stone Soup version 0.19-a0-1852-gc11d922 (webtiles) character file.

1458 Bzzzz the Covert (level 8, -5/50 HPs)
             Began as a Spriggan Assassin on Oct 11, 2016.
             Slain by an orc warrior
             ... wielding a +0 trident
              (19 damage)
             ... on level 4 of the Dungeon.
             The game lasted 00:31:51 (9885 turns).

Bzzzz the Covert (Spriggan Assassin)                Turns: 9885, Time: 00:31:51

Health: -5/50      AC:  5    Str:  7    XL:     8   Next: 47%
Magic:  9/9        EV: 18    Int: 13    God:
Gold:   329        SH:  0    Dex: 19    Spells: 0 memorised, 7 levels left

rFire  . . .     SeeInvis +     a - +2 dagger
rCold  . . .     Gourm    .     c - +0 robe
rNeg   + . .     Faith    .     (shield restricted)
rPois  .         Spirit   .     (helmet restricted)
rElec  .         Dismiss  .     d - +2 cloak
rCorr  .         Reflect  .     (gloves unavailable)
MR     +....     Harm     .     (boots unavailable)
Stlth  +++++.....               (no amulet)
                                (no ring)
                                k - ring of positive energy

@: very quick
A: unfitting armour, see invisible, herbivore 3, speed 3, slow metabolism 2
a: no special abilities


You were on level 4 of the Dungeon.
You were not hungry.

You visited 1 branch of the dungeon, and saw 6 of its levels.

You collected 329 gold pieces.

Inventory:

Hand Weapons
 a - a +2 dagger (weapon)
 b - a +1 blowgun
 j - a +3 dagger
 l - a +0 rapier
 o - a cursed -3 dagger
Missiles
 e - 31 poisoned needles
Armour
 c - a +0 robe (worn)
 d - a +2 cloak (worn)
Jewellery
 k - a ring of positive energy (left hand)
Scrolls
 m - a scroll of magic mapping
 u - a scroll of remove curse
Potions
 h - 2 potions of flight
 i - a potion of ambrosia {unknown}
 q - a potion of berserk rage {unknown}
 r - a potion of brilliance {unknown}
 v - a potion of haste {unknown}
Comestibles
 g - 2 bread rations
 p - 4 fruits


   Skills:
 + Level 9.7 Fighting
 + Level 3.0 Short Blades
 + Level 2.8 Throwing
 + Level 2.8 Dodging
 + Level 12.4 Stealth


You had 7 spell levels left.
You didn't know any spells.

Dungeon Overview and Level Annotations

Branches:
Dungeon (6/15)
 Temple: D:4-7

Altars:
Elyvilon
Makhleb

Annotations:
D:4 veneficus's ghost, novice DDFi


Innate Abilities, Weirdness & Mutations

You are very small and have problems with some larger weapons.
You are too small for most types of armour.
You have supernaturally acute eyesight. (SInv)
You are a herbivore.
You cover ground extremely quickly.
You need consume almost no food.


Message History

Aim: an orc warrior, wielding a trident and wearing a chain mail (lightly wounded, poisoned)
You shoot a poisoned needle.
The poisoned needle hits the orc warrior!
The orc warrior looks even sicker.
The orc warrior is lightly wounded.
The orc warrior closely misses you.
Firing (i - inventory):
e - 32 poisoned needles (quivered)
Press: ? - help, Shift-Dir - straight line, f/p - orc warrior
Aim: an orc warrior, wielding a trident and wearing a chain mail (moderately wounded, poisoned)
You shoot a poisoned needle.
The poisoned needle closely misses the orc warrior.
The orc warrior hits you with a trident!
* * * LOW HITPOINT WARNING * * *
You feel better. The orc warrior closely misses you.
Wield which item (- for none, * to show all)? (? for menu, Esc to quit)
a - a +2 dagger (weapon)
You hit the orc warrior.
The orc warrior is moderately wounded.
The orc warrior hits you with a trident!!
You die...

#..####.#........#..)).....#
###.......#...♣♣♣))#.######..##
#....####.#..♣(.♣..'.# #..#.
#.#### #.#..♣..♣..'.# #.... #.#
#.#..♣♣♣†..### ###.... #.#
#.#........# #...... #.#
#.#........# #...... #.#
##.########## #...... ###.#
##...###@# ###....
....#####.....##o# #....
##...............#############.##
##.#####.....####......[......#
#.######...####..#########.#.##
###......##.###...######.).......
....####.##.<...#........###.####
###.# #.######....#########.#
#.####.....................#


You could see an orc warrior.

Vanquished Creatures
  Grinder (D:3)
  2 ogres
  2 centaurs (D:6)
  A bullfrog (D:6)
  A scorpion (D:6)
  A jelly (D:5)
  A crimson imp (D:4)
  3 hounds
  An orc priest (D:4)
  A bullfrog skeleton (D:4)
  A gnoll shaman (D:6)
  2 orc wizards (D:4)
  Terence (D:2)
  A centaur skeleton (D:4)
  2 worker ants (D:4)
  An iguana (D:4)
  7 gnolls
  11 adders
  An ooze (D:4)
  7 worms
  2 dart slugs
  2 leopard geckos
  12 orcs
  2 ball pythons
  6 bats
  4 giant cockroaches
  9 goblins
  7 hobgoblins
  11 jackals
  6 kobolds
  5 quokkas
  8 frilled lizards
  A jackal zombie (D:5)
  10 rats
133 creatures vanquished.

Notes
Turn   | Place    | Note
-------+----------+-------------------------------------------
     0 | D:1      | Bzzzz the Spriggan Assassin began the quest for the Orb.
     0 | D:1      | Reached XP level 1. HP: 10/10 MP: 2/2
    32 | D:1      | Reached skill level 6 in Stealth
   303 | D:1      | Reached XP level 2. HP: 14/14 MP: 3/3
   333 | D:1      | Reached skill level 7 in Stealth
  1316 | D:2      | Reached XP level 3. HP: 14/18 MP: 4/4
  1988 | D:2      | Reached skill level 8 in Stealth
  2482 | D:2      | Reached XP level 4. HP: 18/22 MP: 5/5
  3314 | D:2      | Noticed Terence
  3334 | D:2      | Killed Terence
  3334 | D:2      | Reached skill level 9 in Stealth
  3397 | D:1      | Reached XP level 5. HP: 13/36 MP: 6/6
  3870 | D:2      | Found a white marble altar of Elyvilon.
  3870 | D:2      | Found a burning altar of Makhleb.
  4487 | D:3      | Reached XP level 6. HP: 33/41 MP: 7/7
  4910 | D:3      | Noticed Grinder
  4913 | D:3      | Killed Grinder
  4913 | D:3      | Reached skill level 10 in Stealth
  5320 | D:3      | Reached XP level 7. HP: 44/44 MP: 8/8
  5626 | D:4      | Noticed veneficus's ghost (novice DDFi)
  6477 | D:4      | HP: 1/44 [ogre/giant club (33)]
  6483 | D:4      | Reached skill level 11 in Stealth
  7946 | D:4      | Reached skill level 12 in Stealth
  8034 | D:5      | Entered Level 5 of the Dungeon
  8056 | D:5      | Reached XP level 8. HP: 49/49 MP: 9/9
  9885 | D:4      | Slain by an orc warrior

Vault maps used:
D:1:      minmay_arrival_loop
D:2:      gammafunk_temple_overflow_statue, uniq_terence
D:3:      first_bread, hangedman_feature_mirror, uniq_grinder
D:4:      kennysheep_generic_room_7
D:5:      wad_pebble_path, uniq_prince_ribbit1

Skill      XL: |  1  2  3  4  5  6  7  8 |
---------------+-------------------------+-----
Stealth        | 6 7 8 9 10 12 | 12.4
Fighting       | 9 |  9.7
Dodging        | 2 |  2.8
Short Blades   | 3 |  3.0
Throwing       | |  2.8

Action                   |  1- 3 |  4- 6 |  7- 9 || total
-------------------------+-------+-------+-------++-------
Melee: Dagger            |   164 |   232 |   247 ||   643
 Fire: Blowgun           |       |     6 |   150 ||   156
  Use: Potion            |       |     1 |     5 ||     6
       Scroll            |       |    10 |     4 ||    14
 Stab: Sleeping          |     7 |     9 |     9 ||    25
       Distracted        |       |       |     2 ||     2
  Eat: Bread ration      |       |     1 |       ||     1
       Pizza             |       |       |     1 ||     1
Armor: Robe              |    13 |    31 |    32 ||    76
Dodge: Dodged            |    94 |   186 |   236 ||   516
